← All builds
Geo / Armada / Economy first / OBSERVED BUILD

Standard geo

Armada Geo build order · Supreme Isthmus

Standard Geo economy into T2 constructor and Starlight/Jaguar units sent to front as usual, with support built for teammates along the way.

Usually blows up the commander for T2 (72%)

#eco #t2 #team support · 1325 distinct matches · 234 players · 55% of Armada Geo games · team won 55% of 1545 · Recently observed

HOW TO PLAY IT

Key timing: T2 constructor by 4:55

  1. Open 2 mex and wind, then Bot Lab by 0:35.
  2. Rush geothermal powerplant to fund T2 ahead of other roles.
  3. Get T2 constructor out to start building T2 units.
  4. Add Vehicle Plant and Advanced Geothermal for the T2 push.
  5. Fly first Starlight to front with a transport from Air.

Phase by phase

TYPICAL OF ITS 1325 GAMES
  1. 1
  2. 2
  3. 3
  4. 4
PLAY THE OPENING

Follow the example game's first 6:00 step by step: what to build now, what comes next, and where it goes. At 1× it keeps pace with your own game.

  1. 1

    Up to the Bot Lab

    Economy
    • Metal Extractor3Mex
    • Wind Turbine4Wind
    Order
    1. Bot LabBot Lab after 3 mex, 4 winddone ~1:12, middle half 0:58–1:21

    By 0:55 in all: 3 mex · 4 wind

    The example game in this phase · 3 steps
    1. Mex ×2
    2. Wind ×3
    3. Bot LabBot Labdone 0:51 · typical 1:12
  2. 2

    Bot Lab to 5:00

    Economy
    • Metal Extractor2Mex
    • Wind Turbine3Wind
    • Energy Converter8Converter
    • Energy Storage1Energy storage
    Order
    1. Geothermal PowerplantGeo after 4 mex, 5 wind, 1 energy storage
    2. Bot LabEat Bot Lab
    Builders
    • Construction Turret5 Con turret
    • Lazarus4 Lazarus
    • Construction Bot2 Con bot
    • Construction Bot1 Con bot for allies
    • Lazarus1 Lazarus for allies

    By 5:00 in all: 4 mex · 7 wind · 1 geo · 8 converter · 1 energy storage · 5 con turret

    The example game in this phase · 34 steps
    1. LazarusLazarus
    2. Wind
    3. Construction BotCon bot
    4. LazarusLazarus
    5. Wind
    6. Construction BotCon botfor Beach sea
    7. Mex
    8. LazarusLazarus
    9. Energy storage
    10. Con turret
    11. Mex
    12. Bot LabEat Bot Labreclaimed for its metal
    13. Energy storage
    14. Con turret
    15. Geothermal PowerplantGeodone 3:09 · typical 3:29
    16. Converter
    17. Wind
    18. Converter
    19. Wind
    20. Converter
    21. Wind
    22. Converter
    23. Wind
    24. Converter ×2
    25. Radar TowerRadar Tower
    26. Converter ×2
    27. SentrySentry
    28. Converter
    29. SentrySentry
    30. Converter
    31. SentrySentry
    32. Energy storage
    33. Construction VehicleCon vehicle
    34. Energy storage
  3. 3

    5:00 to Vehicle Plant

    Order
    1. Advanced Geothermal PowerplantAdvanced Geothermal Powerplant after 8 wind, 10 converter, 6 con turretin 57% of games
    2. Vehicle PlantVehicle Plant after 9 wind, 10 converter, 6 con turretdone ~7:06, middle half 6:39–7:32

    Some games also: con turret (49%) · converter (49%) · wind (41%)

    By 6:56 in all: 4 mex · 9 wind · 1 geo · 1 Advanced Geothermal Powerplant · 10 converter · 1 energy storage

    The example game in this phase · 1 step
    1. Vehicle PlantVehicle Plantdone 4:46 · typical 7:06
  4. 4

    Vehicle Plant to 10:00

    Economy
    • Wind Turbine5Wind
    • Energy Converter4Converter
    Order
    1. Advanced Vehicle PlantAdvanced Vehicle Plant after 10 wind, 11 converter, 6 con turret
    2. Vehicle PlantEat Vehicle Plant
    Builders
    • Construction Vehicle1 Con vehicle
    • Advanced Construction Vehicle1 T2 con vehicle for allies
    Army
    • Starlight2 Starlight
    • Umbra1 Jammer
    • Prophet1 Radar vehicle

    Some games also: con turret (48%) · Jaguar (36%)

    By 10:00 in all: 4 mex · 18 wind · 1 geo · 1 Advanced Geothermal Powerplant · 16 converter · 1 energy storage

    The example game in this phase · 82 steps
    1. Con turret ×2
    2. Advanced Metal ExtractorT2 mex ×3done 5:51 · typical 5:38
    3. Advanced Vehicle PlantAdvanced Vehicle Plantdone 7:40 · typical 8:01
    4. Advanced Geothermal PowerplantAdvanced Geothermal Powerplantdone 8:14 · typical 7:10
    5. Vehicle PlantEat Vehicle Plantreclaimed for its metal
    6. UmbraJammer
    7. ProphetRadar vehicle
    8. StarlightStarlightdone 8:53 · typical 9:03
    9. Advanced Metal ExtractorT2 mex
    10. Con turret
    11. StarlightStarlight
    12. Bot LabBot Labdone 9:34
    13. StarlightStarlight
    14. JaguarJaguar
    15. PawnPawn
    16. ArbalestArbalest
    17. Wind
    18. JaguarJaguar
    19. Wind
    20. PawnPawn
    21. Wind
    22. StarlightStarlight
    23. Wind
    24. PawnPawn ×2
    25. Wind
    26. T2 converter
    27. Wind
    28. PawnPawn
    29. JaguarJaguar
    30. Wind
    31. LazarusLazarus
    32. ShredderShredderdone 11:07
    33. Wind
    34. TickTick
    35. Wind
    36. TickTick
    37. StarlightStarlight
    38. ArbalestArbalest
    39. Wind
    40. TickTick ×3
    41. Wind
    42. JaguarJaguar
    43. Wind ×2
    44. JaguarJaguar
    45. Wind
    46. BullBulldone 12:04
    47. T2 converter
    48. Wind
    49. StarlightStarlight
    50. Wind
    51. PawnPawn
    52. Wind
    53. PawnPawn ×3
    54. Wind
    55. JaguarJaguar
    56. PawnPawn
    57. CitadelAnti-nukedone 14:40
    58. Wind
    59. JaguarJaguar
    60. LazarusLazarus
    61. Wind
    62. BullBull
    63. Wind
    64. CenturionCenturion
    65. StarlightStarlight
    66. Wind
    67. CenturionCenturion
    68. Con turret
    69. Wind
    70. CenturionCenturion
    71. JaguarJaguar
    72. Wind
    73. CenturionCenturion
    74. JaguarJaguar
    75. Wind
    76. PawnPawn
    77. JaguarJaguar
    78. Wind
    79. BullBull
    80. TracerTracer
    81. Wind
    82. JaguarJaguar

Counts are medians over the build's games: half of them build more, half fewer. The example game is annie_may_tydease's (31 OS, 02/10/2026); pick another.

Team trades

IN AT LEAST 30% OF ITS GAMES

You hand over

  • Lazarus1 Lazarus to Beach seafirst at 2:17 · in 75% of games
  • Construction Bot1 Con bot to Beach seafirst at 2:27 · in 87% of games
  • Advanced Construction Vehicle1 T2 con vehicle to Suicide front or Frontfirst at 8:47 · in 63% of games

You get

  • Advanced Construction Bot1 T2 con bot from Techfirst at 4:52 · in 94% of games

How it plays out

Typical game of this build, running totals by minute

Metal produced

020k40k
0:005:0010:0015:00

metal

Enemy metal destroyed

05k10k15k
0:005:0010:0015:00

metal

Own metal lost

02k4k6k
0:005:0010:0015:00

metal

1545 games.

Show as table
ByMetal produced: This buildEnemy metal destroyed: This buildOwn metal lost: This build
1:0033300
2:0085900
3:00152700
4:00267000
5:00369400
6:00563600
7:00802500
8:001134700
9:00144064384
10:0017275472194
11:00201231745520
12:002298936181605
13:002573358722970
14:002858682454420
15:0031355102015586
WHAT THE NUMBERS SAY

Standard Geo play wins about half its games while destroying the most enemy metal by 15:00 among the roles shown here.

  • + Enemy metal destroyed jumps to 10560 by 15:00, highest of all six builds.
  • + Starlight makes up 34% of army, delivering the long-range T2 push.
  • − Own metal lost reaches 5977 by 15:00 from the aggressive T2 push.
  • − First Starlight only arrives in 60% of games, a late or inconsistent push.
THE EXAMPLE YOU ARE READING

annie_may_tydease

30.5 OS · 02/10/2026

Open source match ↗

2 received units · includes a constructor
182 metal received · 227643 energy received

Allied construction assistance is unknown. Timings are observations, not a promise of solo reproducibility.

Typical milestones

Bot Lab1:12Middle 50%: 0:58–1:21 · n=1544
Geothermal Powerplant3:29Middle 50%: 3:13–3:47 · n=1536
Advanced Metal Extractor5:38Middle 50%: 5:21–6:01 · n=1536
Vehicle Plant7:06Middle 50%: 6:39–7:32 · n=1493
Advanced Geothermal Powerplant7:10Middle 50%: 6:51–7:42 · n=1118
Advanced Vehicle Plant8:01Middle 50%: 7:40–8:33 · n=1428
Starlight9:03Middle 50%: 8:32–9:46 · n=1290

Played most by

0neTw0120games of this buildzeus_on_god118games of this buildXad53games of this buildTheGeneraI46games of this buildViltrum41games of this build